 Dungeon Crawl Stone Soup version 0.28-b1-25-g9875b3f (webtiles) character file.

Game seed: 16921499364871927607

6662 Buxparty the Cleaver (level 11, -17/99 HPs)
             Began as a Hill Orc Fighter on Feb 2, 2022.
             Was a High Priest of Trog.
             Demolished by a freezing wraith (20 damage)
             ... led by a death knight
             ... on level 10 of the Dungeon.
             The game lasted 00:24:51 (12570 turns).

Buxparty the Cleaver (Hill Orc Fighter)            Turns: 12570, Time: 00:24:52

Health: -17/99     AC: 12    Str: 24    XL:     11   Next: 3%
Magic:  9/9        EV: 12    Int:  8    God:    Trog [*****.]
Gold:   495        SH:  5    Dex: 18    Spells: 10/10 levels left

rFire   . . .      SeeInvis .   a - +0 war axe
rCold   . . .      Faith    .   c - +0 buckler
rNeg    . . .      Spirit   .   y - +0 acid dragon scales
rPois   .          Reflect  .   e - +1 helmet
rElec   .          Harm     .   w - +0 cloak
rCorr   +          Rampage  .   (no gloves)
Will    .....                   (no boots)
Stlth   +++.......              (no amulet)
HPRegen 0.26/turn               s - +6 ring of dexterity
MPRegen 0.11/turn               (no ring)

@: slowed, very slow
A: thin skeletal structure 1, low MP 1, noise suppression
a: Renounce Religion, Berserk, Trog's Hand, Brothers in Arms


You were on level 10 of the Dungeon.
You worshipped Trog.
Trog was extremely pleased with you.
You visited 1 branch of the dungeon, and saw 10 of its levels.

You collected 495 gold pieces.

Inventory:

Hand Weapons
 a - a +0 war axe (weapon)
Armour
 b - a +0 scale mail
 c - a +0 buckler (worn)
 e - a +1 helmet (worn)
 j - a +0 plate armour
 w - a +0 cloak (worn)
 y - +0 acid dragon scales (worn)
Jewellery
 s - a +6 ring of dexterity (left hand)
Wands
 d - a wand of iceblast (10)
 l - a wand of paralysis (5)
 n - a wand of flame (12)
Scrolls
 f - 4 scrolls of identify {unknown}
 g - 5 scrolls of teleportation {unknown}
 h - a scroll of holy word {unknown}
 i - 3 scrolls of noise {unknown}
 k - 6 scrolls of blinking {unknown}
 o - 3 scrolls of magic mapping {unknown}
 p - 3 scrolls of vulnerability {unknown}
 r - a scroll of torment {unknown}
 u - a scroll of enchant armour {unknown}
 v - 2 scrolls of amnesia {unknown}
 x - a scroll of enchant weapon {unknown}
 C - a scroll of silence {unknown}
 E - a scroll of fear {unknown}
Potions
 q - 7 potions of curing
 t - a potion of magic
 z - a potion of flight {unknown}
 A - a potion of heal wounds {unknown}
 B - a potion of attraction {unknown}
 D - a potion of degeneration {unknown}


   Skills:
 + Level 9.7 Fighting
 + Level 14.7 Axes
 + Level 9.0 Armour
 - Level 3.0 Dodging
 - Level 3.0 Stealth
 - Level 3.2 Shields


You had 10 spell levels left.
You didn't know any spells.
Your spell library was empty.

Dungeon Overview and Level Annotations

Branches:
Dungeon (10/15)            Temple (0/1) D:6            Lair (0/6) D:9
    Orc (0/2) D:9

Altars:
Ashenzari
Dithmenos
Fedhas
Gozag
Kikubaaqudgha
Okawaru
Qazlal
Sif Muna
Trog
Yredelemnul
The Shining One
Beogh

Shops:
D:3 :   D:4 [


Innate Abilities, Weirdness & Mutations

You have a somewhat thin skeletal structure. (Dex +2, Stealth+)
Your magical capacity is low. (-10% MP)
You passively dampen the noise of your surroundings.


Message History

The freezing wraith is moderately damaged.
The freezing wraith barely misses you.
The freezing wraith hits you but does no damage.
You hit the freezing wraith but do no damage.
The freezing wraith is moderately damaged.
The freezing wraith completely misses you.
The freezing wraith hits you! The freezing wraith drains your vigour!
You feel yourself slow down.
You slash the freezing wraith!
The freezing wraith is severely damaged.
The freezing wraith hits you. The freezing wraith freezes you!
* * * LOW HITPOINT WARNING * * *
The freezing wraith barely misses you.
You barely miss the freezing wraith.
The freezing wraith is severely damaged.
The freezing wraith hits you.
* * * LOW HITPOINT WARNING * * *
The freezing wraith freezes you!
* * * LOW HITPOINT WARNING * * *
The freezing wraith hits you but does no damage.
It was a potion of ambrosia.
You are confused.
You feel invigorated. The freezing wraith misses you.
The freezing wraith hits you.
* * * LOW HITPOINT WARNING * * *
You bump into the stone wall.
You feel less invigorated.
You feel less confused. The freezing wraith closely misses you.
The freezing wraith hits you!
* * * LOW HITPOINT WARNING * * *
The freezing wraith barely misses you. The freezing wraith closely misses you.
You slash the freezing wraith!
The freezing wraith is severely damaged.
You block the freezing wraith's attack.
The freezing wraith completely misses you.
You barely miss the freezing wraith.
The freezing wraith is severely damaged.
The freezing wraith hits you!
* * * LOW HITPOINT WARNING * * *
The freezing wraith freezes you!!
You die...

............#####................
............#....................
............#.............#######
............#.............#
............####..........#
...............#.....######
...............###...# .
#######..........#####....
#.........@WOW....#
#>......#####.....# #.......#
.....# #......!# .....# #.......#
O....# #.......# .....# #..<....#
...#.# #........ ......
#......###


You could see a two-headed ogre, a freezing wraith and a wraith.

Vanquished Creatures
  Erolcha (D:9)
  2 two-headed ogres
  Pikel (D:8)
  A troll (D:9)
  4 shadows
  A wyvern (D:8)
  A steam dragon (D:10)
  An acid dragon (D:7)
  A water moccasin (D:8)
  A sky beast (D:6)
  4 orc warriors
  A necrophage (D:4)
  An ogre (D:6)
  An ice beast (D:6)
  A centaur (D:7)
  2 phantoms
  A lemure (D:8)
  2 kobold brigands
  A bullfrog (D:8)
  A gnoll sergeant (D:8)
  A water moccasin zombie (D:7)
  A scorpion (D:6)
  A water moccasin skeleton (D:6)
  The ghost of Pashador the Skirmisher, a weakling MiFi (D:3)
  A troll zombie (D:9)
  4 killer bees (D:10)
  4 wights (D:9)
  A howler monkey (D:9)
  2 centaur zombies
  A bullfrog zombie (D:6)
  5 hounds
  A centaur skeleton (D:7)
  7 orc priests
  A jelly (D:7)
  2 iguanas
  8 orc wizards
  2 killer bee zombies
  5 ogre zombies (D:9)
  A mummy (D:9)
  2 howler monkey zombies (D:9)
  7 gnolls
  A howler monkey skeleton (D:5)
  7 adders
  A white imp (D:7)
  2 worms
  A dart slug (D:1)
  40 orcs
  5 bats
  11 endoplasms
  A giant cockroach (D:1)
  7 goblins
  7 hobgoblins
  8 jackals
  4 quokkas
  5 ball pythons
  4 frilled lizards
  A goblin skeleton (D:9)
  3 goblin zombies (D:9)
  A hobgoblin skeleton (D:9)
  2 hobgoblin zombies (D:9)
  21 kobolds
  3 orc skeletons (D:9)
  9 orc zombies (D:9)
  12 rats
243 creatures vanquished.

Vanquished Creatures (others)
  5 withered plants (D:9)
5 creatures vanquished.

Grand Total: 248 creatures vanquished

Notes
Turn   | Place    | Note
-------+----------+-------------------------------------------
     0 | D:1      | Buxparty the Hill Orc Fighter began the quest for the Orb.
     0 | D:1      | Reached XP level 1. HP: 19/19 MP: 1/1
   205 | D:1      | Found a faded altar of an unknown god.
   244 | D:1      | Reached XP level 2. HP: 27/27 MP: 2/2
   274 | D:1      | Prayed at the altar of an unknown god.
   274 | D:1      | Became a worshipper of Trog the Wrathful
   274 | D:1      | Reached * piety under Trog
   457 | D:1      | Reached skill level 3 in Axes
  1096 | D:2      | Reached XP level 3. HP: 33/33 MP: 3/3
  1237 | D:2      | Reached skill level 4 in Axes
  1494 | D:2      | Reached XP level 4. HP: 37/40 MP: 4/4
  1637 | D:2      | Reached ** piety under Trog
  1823 | D:3      | Reached skill level 5 in Axes
  1823 | D:3      | Reached XP level 5. HP: 38/47 MP: 5/5
  2073 | D:3      | Found a shimmering blue altar of Sif Muna.
  2106 | D:3      | Found a glowing golden altar of the Shining One.
  2407 | D:3      | Found a runed translucent gate.
  2408 | D:3      | Found a runed translucent gate.
  2408 | D:3      | Found a runed translucent gate.
  2412 | D:3      | Noticed Pashador's ghost (weakling MiFi)
  2413 | D:3      | Identified the +8 whip of Fate {venom, rF+ Dex+3}
  2413 | D:3      | Identified the +3 leather armour "Ibbyir" {-Tele rPois
                  | Int+4}
  2587 | D:3      | Identified the +1 robe "Odiobuco" {rElec rF++ rCorr Str-4}
  2817 | D:3      | Found Ycogg's Book Boutique.
  2954 | D:3      | Found a roughly hewn altar of Beogh.
  2988 | D:3      | Gained mutation: You have a somewhat thin skeletal
                  | structure. (Dex +2, Stealth+) [potion of mutation]
  2988 | D:3      | Gained mutation: You passively dampen the noise of your
                  | surroundings. [potion of mutation]
  2988 | D:3      | Gained mutation: Your magical capacity is low. (-10% MP)
                  | [potion of mutation]
  2993 | D:3      | HP: 2/70 [Pashador's ghost (10)]
  3001 | D:3      | Killed Pashador's ghost
  3001 | D:3      | Reached *** piety under Trog
  3002 | D:3      | Reached skill level 6 in Axes
  3002 | D:3      | Reached XP level 6. HP: 4/53 MP: 5/5
  3462 | D:4      | Reached skill level 1 in Dodging
  3517 | D:4      | Found a shadowy altar of Dithmenos.
  3562 | D:4      | Noticed a necrophage
  3592 | D:4      | Killed a necrophage
  3593 | D:4      | Reached skill level 7 in Axes
  3593 | D:4      | Reached skill level 5 in Armour
  3593 | D:4      | Reached XP level 7. HP: 33/60 MP: 6/6
  4212 | D:4      | Found Bailupt's Armour Shop.
  4280 | D:5      | Entered Level 5 of the Dungeon
  4392 | D:5      | Found a broken altar of Ashenzari.
  4497 | D:5      | Reached skill level 5 in Fighting
  4630 | D:5      | Reached **** piety under Trog
  5452 | D:6      | Reached skill level 8 in Axes
  5452 | D:6      | Reached XP level 8. HP: 23/68 MP: 7/7
  5705 | D:6      | Found a staircase to the Ecumenical Temple.
  6054 | D:6      | Reached skill level 9 in Axes
  6244 | D:6      | Reached skill level 1 in Stealth
  6987 | D:7      | Found a bloodstained altar of Trog.
  7065 | D:7      | Reached skill level 10 in Axes
  7256 | D:7      | Reached XP level 9. HP: 62/75 MP: 8/8
  7942 | D:7      | Found a stormy altar of Qazlal.
  8321 | D:8      | Found an ancient bone altar of Kikubaaqudgha.
  8342 | D:8      | Noticed a two-headed ogre
  8359 | D:8      | Killed a two-headed ogre
  8360 | D:8      | Reached skill level 11 in Axes
  8715 | D:8      | Reached ***** piety under Trog
  9090 | D:8      | Noticed Pikel
  9160 | D:8      | Found an iron altar of Okawaru.
  9380 | D:8      | Killed Pikel
  9381 | D:8      | Reached skill level 12 in Axes
  9381 | D:8      | Reached XP level 10. HP: 62/88 MP: 9/9
  9685 | D:9      | Noticed Erolcha
  9704 | D:9      | Killed Erolcha
  9705 | D:9      | Reached skill level 13 in Axes
 10209 | D:9      | Found a staircase to the Lair.
 10218 | D:9      | Identified the +6 scimitar "Iryal" {holy, rElec rPois rF-
                  | SInv}
 10439 | D:9      | Found a staircase to the Orcish Mines.
 10473 | D:9      | Reached skill level 14 in Axes
 11514 | D:10     | Entered Level 10 of the Dungeon
 11820 | D:10     | Found a basalt altar of Yredelemnul.
 11960 | D:10     | Found an opulent altar of Gozag.
 12066 | D:10     | Found a blossoming altar of Fedhas.
 12077 | D:10     | Noticed a two-headed ogre
 12089 | D:10     | Killed a two-headed ogre
 12090 | D:10     | Reached XP level 11. HP: 21/99 MP: 9/9
 12547 | D:10     | Noticed a two-headed ogre
 12570 | D:10     | HP: 3/99 [freezing wraith[a death knight] (7)]
 12570 | D:10     | Demolished by a freezing wraith

Illustrated notes

Levels and vault maps discovered:
D:1:      lightli_arrival_statuegarden, layout_basic,
          ebering_ecumenical_altar_abandoned, glass_columns_b, minivault_14,
          chequers_mini_garden
D:2:      layout_rooms, minmay_rat_gold_closets
D:3:      layout_loops_ring, mainiacjoe_overflow_two_lobes, serial_shops, shop,
          biasface_ghost_orc_armoury, minmay_splitting_lines
D:4:      layout_rooms, mainiacjoe_overflow_catwalk, serial_shops,
          nicolae_take_the_stairs, minmay_circle_x
D:5:      layout_cave_pods, kennysheep_little_box
D:6:      layout_basic, minmay_temple_entry_nine_rooms,
          nicolae_elevator_lobby_asterisk
D:7:      layout_basic, nicolae_qazlal_eye_of_the_storm,
          mainiacjoe_overflow_alcove_4, kennysheep_big_empty_room
D:8:      layout_basic, mainiacjoe_overflow_big_doors, uniq_pikel
D:9:      corexii_shack_village, layout_basic, zombieorc1_lemuel, serial_undead,
          serial_undead_b, serial_undead_c, serial_undead_c, serial_undead_d,
          serial_undead_c, serial_undead_f, serial_undead_c, serial_undead_b,
          uniq_erolcha
D:10:     gammafunk_mikee_crab_dinner, layout_irregular_city, zin_statuary,
          kennysheep_mini_moat, mainiacjoe_overflow_tiny_flanked,
          mainiacjoe_overflow_catwalk_spiral

Skill      XL: |  1  2  3  4  5  6  7  8  9 10 |
---------------+-------------------------------+-----
Axes           | 3 4 5 6 7 8 10 12 14 | 14.7
Fighting       | 4 5 6 7 9 |  9.7
Armour         | 4 5 6 7 8 9 |  9.0
Dodging        | 1 2 3 |  3.0
Stealth        | 1 2 3 |  3.0
Shields        | |  3.2

Action                   |  1- 3 |  4- 6 |  7- 9 | 10-12 || total
-------------------------+-------+-------+-------+-------++-------
Melee: War axe           |   102 |   165 |   325 |   268 ||   860
  Use: Potion            |       |     6 |     1 |     3 ||    10
 Stab: Sleeping          |       |       |     1 |     8 ||     9
       Distracted        |       |       |       |     2 ||     2
Armor: Scale mail        |    55 |    85 |    65 |       ||   205
       Acid dragon scale |       |       |    59 |    82 ||   141
Dodge: Dodged            |    50 |    69 |   156 |   111 ||   386
Block: Buckler           |    18 |    27 |    82 |    64 ||   191
